 Dungeon Crawl Stone Soup version 0.24-a0-530-g18ba70b503 (console) character file.

Game seed: 3288517185093940293

595 Apatiregn the Skirmisher (level 7, -10/63 HPs)
             Began as a Minotaur Berserker on Aug 9, 2019.
             Was a Priest of Trog.
             Killed from afar by an electric eel (15 damage)
             ... with a bolt of electricity
             ... on level 4 of the Dungeon.
             The game lasted 01:10:41 (4278 turns).

Apatiregn the Skirmisher (Minotaur Berserker)       Turns: 4278, Time: 01:10:42

Health: -10/63     AC:  9    Str: 22 (23) XL:     7   Next: 17%
Magic:  6/6        EV: 11    Int:  4      God:    Trog [***...]
Gold:   47         SH:  0    Dex: 10      Spells: 6/6 levels left

rFire    . . .     SeeInvis +   p - +2 long sword (slice)
rCold    . . .     Gourm    .   (no shield)
rNeg     . . .     Faith    .   o - +1 scale mail
rPois    .         Spirit   .   (helmet restricted)
rElec    .         Reflect  .   (no cloak)
rCorr    .         Harm     +   e - +0 pair of gloves
MR       +....                  (no boots)
Stlth    ..........             f - amulet of harm
HPRegen  0.20/turn              d - ring of see invisible
MPRegen  0.10/turn              i - ring of protection from magic

@: hasted, very quick
A: retaliatory headbutt, horns 2
a: Berserk, Trog's Hand, Renounce Religion


You were on level 4 of the Dungeon.
You worshipped Trog.
Trog was most pleased with you.
You were hungry.

You visited 1 branch of the dungeon, and saw 4 of its levels.

You collected 203 gold pieces.
You spent 156 gold pieces at shops.

Inventory:

Hand Weapons
 a - a +0 flail
 p - a +2 long sword of slicing (weapon)
Armour
 e - a +0 pair of gloves (worn)
 l - a +0 pair of gloves
 o - a +1 scale mail (worn)
Jewellery
 d - a ring of see invisible (left hand)
 f - an amulet of harm (around neck)
 i - a ring of protection from magic (right hand)
 n - a +3 ring of protection {unknown}
Wands
 q - a wand of flame (13)
Scrolls
 g - 2 scrolls of blinking
 h - 2 scrolls of random uselessness
 j - 4 scrolls of remove curse
 k - a scroll of teleportation
Potions
 b - 2 potions of flight
Comestibles
 c - 8 rations


   Skills:
 + Level 6.0 Fighting
 + Level 0.1 Long Blades
   Level 5.1(5.6) Axes
 + Level 3.1(4.6) Maces & Flails
 + Level 4.6 Armour
 + Level 3.9 Dodging
 + Level 1.6 Stealth


You had 6 spell levels left.
You didn't know any spells.
Your spell library was empty.

Dungeon Overview and Level Annotations

Branches:
Dungeon (4/15)             Temple (0/1) D:4

Altars:
Sif Muna
The Shining One

Shops:
D:4 (

Annotations:
D:4 1 transporter


Innate Abilities, Weirdness & Mutations

You reflexively headbutt those who attack you in melee.
You have a pair of horns on your head.


Message History

There is an open door here.
The butterfly enters a dispersal trap!
The butterfly blinks!
The butterfly enters a dispersal trap!
The butterfly blinks!
The butterfly enters a dispersal trap!
The butterfly blinks!
The electric eel shoots out a bolt of lightning at you!
The bolt of electricity misses you.
The electric eel shoots out a bolt of lightning at you!
The bolt of electricity hits you! x2; The bolt of electricity hits the plant.
There is an open door here.
The electric eel shoots out a bolt of lightning at you!
The bolt of electricity hits you.
The electric eel shoots out a bolt of lightning at you!
The bolt of electricity hits you!
* * * LOW HITPOINT WARNING * * *
It was a potion of haste.
You feel yourself speed up.
The electric eel shoots out a bolt of lightning at you!
The bolt of electricity hits you.
* * * LOW HITPOINT WARNING * * *
The bolt of electricity hits you!
You die...

.# #.###.#
#.#P./.P#..####....## .# #.#
#.# #.###+###...........# .#
#.# #.# #.#≈...≈#.......⌠.#.#
.###.###.#
#.#≈...≈#..b.≈P.bb..#
.........#
#.#≈...≈#...P≈P......
####.#####
#.#≈.⌠.≈#.^..P..#.... #.#
#.#≈)..≈#.##.†.'##... #.#
#.#;?..≈#.##..##_##..
##.########.#;@..≈#.##...###..#
#)..........###'###.####..#..*#
###..########.#P...P#.# *#...#*
.....# #.#8.©.8#.# #.#.# ..####
#.#######.# #...# #.#
#....©....#######.# #.#
####...#....>.....# #.#
##.##.########## #.# #....#


You could see 2 electric eels.

Vanquished Creatures
  A sky beast (D:3)
  A hound (D:4)
  An orc priest (D:4)
  4 worker ants
  An iguana (D:4)
  4 orc wizards (D:4)
  A hound skeleton (D:4)
  9 adders
  3 worms
  3 dart slugs
  A leopard gecko (D:3)
  17 orcs
  3 ball pythons
  5 giant cockroaches
  12 goblins
  8 hobgoblins
  8 jackals
  A quokka (D:2)
  4 bats
  4 frilled lizards
  7 kobolds
  9 rats
107 creatures vanquished.

Notes
Turn   | Place    | Note
-------+----------+-------------------------------------------
     0 | D:1      | Apatiregn the Minotaur Berserker began the quest for the
                  | Orb.
     0 | D:1      | Reached XP level 1. HP: 19/19 MP: 0/0
   308 | D:1      | Reached XP level 2. HP: 21/27 MP: 1/1
   555 | D:1      | Reached skill level 4 in Fighting
   897 | D:2      | Reached XP level 3. HP: 33/33 MP: 2/2
   931 | D:2      | Reached ** piety under Trog
  1456 | D:2      | Reached XP level 4. HP: 34/41 MP: 3/3
  1711 | D:2      | Found a deep blue altar of Sif Muna.
  2030 | D:2      | Reached skill level 5 in Axes
  2503 | D:3      | Reached XP level 5. HP: 36/47 MP: 4/4
  2512 | D:3      | Reached skill level 5 in Fighting
  2518 | D:3      | Reached *** piety under Trog
  2518 | D:3      | Noticed a sky beast
  2535 | D:3      | Killed a sky beast
  2535 | D:3      | Reached skill level 1 in Stealth
  2576 | D:3      | Reached XP level 6. HP: 34/56 MP: 5/5
  2788 | D:3      | Found a faded altar of an unknown god.
  3191 | D:4      | Reached skill level 1 in Maces & Flails
  3337 | D:4      | Found a staircase to the Ecumenical Temple.
  3370 | D:4      | Found a transporter.
  3382 | D:4      | Found a glowing golden altar of the Shining One.
  3407 | D:4      | Found a transporter.
  3607 | D:4      | Reached XP level 7. HP: 22/62 MP: 6/6
  3614 | D:4      | Reached skill level 6 in Fighting
  3828 | D:4      | Found Xuhetu's Antique Weapon Emporium.
  3857 | D:4      | Bought a glowing long sword for 156 gold pieces
  4278 | D:4      | Killed from afar by an electric eel

Levels and vault maps discovered:
D:1:      lightli_arrival_farm, layout_basic
D:2:      layout_loops_corners, lemuel_doored_altar
D:3:      layout_loops_cross, first_ration,
          chequers_ecumenical_altar_simple_redux
D:4:      gammafunk_steamed_eel, layout_loops_ring, tso_oasis_becter,
          minmay_temple_entry_butterflies, serial_shops, shop

Skill      XL: |  1  2  3  4  5  6  7 |
---------------+----------------------+-----
Axes           | 4 5 |  5.1
Fighting       | 4 5 6 |  6.0
Dodging        | 3 |  3.9
Armour         | 3 4 |  4.6
Stealth        | 1 |  1.6
Maces & Flails | 2 3 |  3.1
Long Blades    | |  0.1

Action                   |  1- 3 |  4- 6 |  7- 9 || total
-------------------------+-------+-------+-------++-------
Melee: Hand axe          |    66 |    29 |       ||    95
       Headbutt          |     9 |    29 |     3 ||    41
       Dagger            |       |    48 |       ||    48
       Flail             |       |    89 |     6 ||    95
       Long sword        |       |       |    10 ||    10
  Use: Scroll            |     6 |     5 |       ||    11
       Potion            |       |     5 |     1 ||     6
  Eat: Ration            |     1 |     2 |       ||     3
Armor: Animal skin       |    14 |       |       ||    14
       Leather armour    |     6 |     6 |       ||    12
       Scale mail        |       |    68 |     7 ||    75
Dodge: Dodged            |    38 |    92 |    12 ||   142
       Rpst.: Long sword |       |       |     2 ||     2

Table legend:
 A = Non-vault XP
 B = Vault XP
 C = Vault XP percentage of total XP
 D = Non-vault monster count
 E = Vault monster count
 F = Vault count percentage of total count
                 A         B        C        D         E       F
            +---------+---------+-------+---------+---------+-------
      Total |     851 |       0 |   0.0 |     107 |       0 |   0.0
            +---------+---------+-------+---------+---------+-------
        D:1 |      38 |       0 |   0.0 |      22 |       0 |   0.0
        D:2 |     100 |       0 |   0.0 |      28 |       0 |   0.0
        D:3 |     287 |       0 |   0.0 |      31 |       0 |   0.0
        D:4 |     426 |       0 |   0.0 |      26 |       0 |   0.0
            +---------+---------+-------+---------+---------+-------
